 Dungeon Crawl Stone Soup version 0.27-a0-1525-g1038ab4fd7 (webtiles) character file.

Game seed: 6035415674766551747

312 nyamberluvr69 the Skirmisher (level 6, -2/45 HPs)
             Began as an Octopode Berserker on July 11, 2021.
             Was a Believer of Trog.
             Slain by a gnoll (5 damage)
             ... on level 4 of the Dungeon.
             The game lasted 00:04:06 (3417 turns).

nyamberluvr69 the Skirmisher (Octopode Berserker)   Turns: 3417, Time: 00:04:07

Health: -2/45      AC:  1    Str: 16    XL:     6   Next: 42%
Magic:  6/6        EV: 13    Int: 10    God:    Trog [**....]
Gold:   205        SH:  0    Dex: 13    Spells: 5/5 levels left

rFire    . . .     SeeInvis .   a - +0 falchion
rCold    . . .     Faith    .   (no shield)
rNeg     . . .     Spirit   .   q - +0 hat
rPois    .         Reflect  .   (no amulet)
rElec    .         Harm     .   (no ring)
rCorr    .         Rampage  .   (no ring)
Will     .....                  (no ring)
Stlth    ++........             (no ring)
HPRegen  0.15/turn              (no ring)
MPRegen  0.10/turn              (no ring)
                                (no ring)
                                (no ring)

@: about to teleport, on berserk cooldown, slowed, very slow
A: almost no armour, amphibious, 8 rings, camouflage 1, gelatinous body 1,
(nimble swimmer 1), tentacles
a: Renounce Religion, Berserk, Trog's Hand


You were on level 4 of the Dungeon.
You worshipped Trog.
Trog was pleased with you.
You visited 1 branch of the dungeon, and saw 4 of its levels.

You collected 205 gold pieces.

Inventory:

Hand Weapons
 a - a +0 falchion (weapon)
Armour
 q - a +0 hat (worn)
Jewellery
 b - an amulet of regeneration
 k - a ring of protection from fire
Wands
 o - a wand of mindburst (14)
Scrolls
 e - a scroll of magic mapping {unknown}
 f - 2 scrolls of teleportation
 g - a scroll of enchant armour {unknown}
 h - a scroll of blinking {unknown}
 i - a scroll of noise {unknown}
 j - a scroll of identify {unknown}
 l - a scroll of amnesia {unknown}
 p - a scroll of immolation {unknown}
Potions
 c - a potion of might {unknown}
 d - a potion of degeneration {unknown}
 m - a potion of brilliance {unknown}
 n - a potion of attraction {unknown}


   Skills:
 + Level 5.3 Fighting
 + Level 5.3 Long Blades
 - Level 3.0 Dodging


You had 5 spell levels left.
You didn't know any spells.
Your spell library was empty.

Dungeon Overview and Level Annotations

Branches:
Dungeon (4/15)
 Temple: D:4-7

Altars:
Fedhas
Nemelex Xobeh
The Shining One

Annotations:
D:2 1 runed translucent door, Crazy Yiuf


Innate Abilities, Weirdness & Mutations

You cannot wear most types of armour.
You are amphibious.
You can wear up to eight rings at the same time.
Your skin changes colour to match your surroundings (Stealth+).
Your rubbery body absorbs attacks. (AC +1, EV +1)
((You are camouflaged near water. (Stealth+)))
You have tentacles for arms and can constrict up to eight enemies at once.


Message History

The gnoll barely misses you.
You see here a +0 dagger.
You barely miss something. Something hits you. Something shocks you.
You closely miss something. You squeeze something!
The gnoll hits you from afar with a +0 spear.
You closely miss something. You squeeze something!
Something hits you but does no damage.
The gnoll hits you from afar with a +0 spear.
* * * LOW HITPOINT WARNING * * *
You miss something. Something hits you.
* * * LOW HITPOINT WARNING * * *
Something shocks you.
* * * LOW HITPOINT WARNING * * *
The gnoll closely misses you.
You miss something. Your squeeze misses something.
Something hits you but does no damage.
You slash something! Trog accepts your kill.
Reactivating autopickup.
You feel a bit more experienced.
The gnoll hits you from afar with a +0 spear!
* * * LOW HITPOINT WARNING * * *
You have reached level 6!
Your experience leads to an increase in your attributes!
Increase (S)trength, (I)ntelligence, or (D)exterity?
You feel agile.
You are too berserk!
Okay, then.
Unknown command.
You feel a strong urge to attack something.
You see here an amulet of reflection.
You are too berserk!
You feel your anger nearly subside.
You are no longer berserk.
You are exhausted.
You feel yourself slow down.
As you read the scroll labelled AMUEL ERETOCY, it crumbles to dust.
You feel strangely unstable.
It was a scroll of teleportation.
The gnoll barely misses you.
The gnoll hits you from afar with a +0 spear.
You die...

....... ......... ........ #####
......### ##...##.....##..
##.....##...##...
#.......#...#....
#..g..)†)...'....
#@.gg...#...#... ##.....##...#
##...###...# ##### #...# ####
##...###...###...
#########.....##...##....
#######......#.......#...#.....
##.....#.....##..(..†.†...'.....
##.............#.......#...#.....


You could see 3 gnolls.

Vanquished Creatures
  A sky beast (D:4)
  A hound (D:4)
  Ijyb (D:3)
  5 adders
  A howler monkey skeleton (D:4)
  An adder skeleton (D:4)
  4 worms
  2 orcs (D:3)
  6 ball pythons
  4 bats
  5 endoplasms
  4 giant cockroaches
  11 hobgoblins
  11 jackals
  3 quokkas
  3 frilled lizards
  11 goblins
  7 kobolds
  4 rats
85 creatures vanquished.

Notes
Turn   | Place    | Note
-------+----------+-------------------------------------------
     0 | D:1      | nyamberluvr69 the Octopode Berserker began the quest for
                  | the Orb.
     0 | D:1      | Reached XP level 1. HP: 16/16 MP: 1/1
   134 | D:1      | Reached XP level 2. HP: 19/21 MP: 2/2
   770 | D:1      | Reached XP level 3. HP: 22/26 MP: 3/3
  1174 | D:2      | Found a blossoming altar of Fedhas.
  1216 | D:2      | Reached ** piety under Trog
  1511 | D:2      | Reached XP level 4. HP: 18/33 MP: 4/4
  1655 | D:2      | Found a runed translucent door.
  1656 | D:2      | Noticed Crazy Yiuf
  1990 | D:3      | You fall into a shaft and drop 1 floor!
  2080 | D:4      | Identified the +1 leather armour of Disguise {rElec}
  2358 | D:3      | Found a faded altar of an unknown god.
  2372 | D:3      | Reached XP level 5. HP: 24/38 MP: 5/5
  2891 | D:3      | Noticed Ijyb
  2898 | D:3      | Killed Ijyb
  2987 | D:4      | Found a glowing golden altar of the Shining One.
  3034 | D:4      | Found a sparkling altar of Nemelex Xobeh.
  3267 | D:4      | Reached skill level 5 in Long Blades
  3394 | D:4      | Noticed a sky beast
  3400 | D:4      | Reached skill level 5 in Fighting
  3410 | D:4      | Killed a sky beast
  3410 | D:4      | HP: 2/58 [gnoll (7)]
  3411 | D:4      | Reached XP level 6. HP: 3/45 MP: 6/6
  3417 | D:4      | Slain by a gnoll

Illustrated notes

Levels and vault maps discovered:
D:1:      dpeg_arrival_renting, layout_basic, st_stairs_1
D:2:      layout_basic, serial_glass, glass_columns_a, glass_columns_b,
          glass_columns_b, glass_columns_c, glass_columns_c, glass_columns_a,
          glass_columns_a, glass_columns_b, feat_on_display, basic_altar,
          uniq_crazy_yiuf_cottage
D:3:      layout_loops_cross, shapermc_ecumenical_altar_notcrosses, uniq_ijyb
D:4:      kennysheep_six_static_rooms, layout_rooms, kennysheep_little_box,
          kennysheep_mini_moat, minmay_starry_boxes

Skill      XL: |  1  2  3  4  5 |
---------------+----------------+-----
Long Blades    | 4 5 |  5.3
Fighting       | 4 5 |  5.3
Dodging        | |  3.0

Action                   |  1- 3 |  4- 6 || total
-------------------------+-------+-------++-------
Melee: Falchion          |    88 |    86 ||   174
       Tentacles         |    18 |    28 ||    46
       Constrict         |    23 |    29 ||    52
Invok: Berserk           |     2 |     2 ||     4
  Use: Scroll            |       |     1 ||     1
 Stab: Sleeping          |     7 |     3 ||    10
Armor: Skin              |     9 |     8 ||    17
Dodge: Dodged            |    63 |    48 ||   111
       Rpst.: Falchion   |    20 |    10 ||    30

Table legend: (Time is in decaauts)
 A = Elapsed time spent in this place.
 B = Non-inter-level travel time spent in this place.
 C = Inter-level travel time spent in this place.
 D = Time resting spent in this place.
 E = Time spent auto-exploring this place.
 F = Levels seen in this place.
 G = Mean time per level.
                   A        B        C        D        E       F      G
               +--------+--------+--------+--------+--------+-----+--------+
         Total |   3463 |   3383 |     80 |    488 |   2390 |   4 |  865.8 |
       Dungeon |   3463 |   3383 |     80 |    488 |   2390 |   4 |  865.8 |
               +--------+--------+--------+--------+--------+-----+--------+

Top non-repeatable levels by time:
     D:1: 1185 daAuts
     D:3: 953 daAuts
     D:2: 790 daAuts
     D:4: 534 daAuts
